 Dungeon Crawl Stone Soup version 0.22-a0-580-gd5db89c (webtiles) character file.

2069 Amnesiac the Prestidigitator (level 9, 0/41 HPs)
             Began as a Spriggan Wanderer on July 3, 2018.
             Was an Initiate of Gozag.
             Slain by a hog (5 damage)
             ... on level 7 of the Dungeon.
             The game lasted 00:16:57 (11979 turns).

Amnesiac the Prestidigitator (Spriggan Wanderer)   Turns: 11979, Time: 00:16:58

Health: 0/41       AC:  2    Str: 12    XL:     9   Next: 5%
Magic:  21/21      EV: 15    Int: 15    God:    Gozag
Gold:   786        SH:  0    Dex: 13    Spells: 8/8 levels left

rFire    + . .     SeeInvis +   b - +2 fustibalus
rCold    . . .     Gourm    .   (shield restricted)
rNeg     . . .     Faith    .   c - +0 robe {rF+}
rPois    .         Spirit   .   (helmet restricted)
rElec    .         Reflect  .   (no cloak)
rCorr    .         Harm     .   (gloves unavailable)
MR       +....                  (boots unavailable)
Stlth    +++.......             u - amulet of rage
HPRegen  0.13/turn              A - ring of stealth
MPRegen  0.17/turn              (no ring)

@: very quick
A: very small, unfitting armour, see invisible, herbivore, speed 3, slow
metabolism 2
a: Potion Petition, Call Merchant, Bribe Branch, Renounce Religion, Evoke
Berserk Rage


You were on level 7 of the Dungeon.
You worshipped Gozag.
Gozag was pleased with you.
You were full.

You visited 1 branch of the dungeon, and saw 7 of its levels.

You collected 857 gold pieces.
You paid 71 gold pieces to Gozag.

Inventory:

Hand Weapons
 a - a +1 dagger of protection
 b - a +2 fustibalus (weapon)
Missiles
 B - 171 stones (quivered)
Armour
 c - a +0 robe of fire resistance (worn)
Jewellery
 f - an uncursed ring of positive energy {unknown}
 u - an amulet of rage (around neck)
 A - a ring of stealth (left hand)
Wands
 e - a wand of paralysis (19)
 n - a wand of disintegration (19)
Scrolls
 o - a scroll of fear {!r}
 p - a scroll of enchant armour {!r}
 t - a scroll of blinking {!r}
 v - 2 scrolls of magic mapping {!r}
 y - 2 scrolls of amnesia {!r}
 z - 2 scrolls of teleportation {!r}
 C - a scroll of remove curse {!r}
 D - a scroll of holy word {!r}
 E - 2 scrolls of fog {!r}
Potions
 d - a potion of heal wounds {!q}
 g - a potion of ambrosia {!q, unknown}
 h - a potion of haste {!q, unknown}
 i - 6 potions of curing {!q}
 j - a potion of experience {!q, unknown}
 k - a potion of might {!q}
 l - 2 potions of flight {!q}
 r - a potion of magic {!q}
 s - a potion of brilliance {!q}
 w - 2 potions of lignification {!q}


   Skills:
 - Level 1.5 Fighting
 - Level 3.0 Stealth
   Level 3.0 Charms
   Level 4.0 Transmutations
 + Level 14.6 Evocations


You had 8 spell levels left.
You didn't know any spells.
Your spell library contained the following spells:

 Spells                   Type           Power        Failure   Level  Hunger
 Stone Arrow              Conj/Erth      #.....       63%         3    ####...
 Sandblast                Erth           #.....       26%         1    ##.....


Dungeon Overview and Level Annotations

Branches:
Dungeon (7/15)             Temple (0/1) D:6

Altars:
Ashenzari
Elyvilon
Fedhas
Gozag
Hepliaklqana
Nemelex Xobeh
Okawaru
Ru
Trog
Uskayaw
Wu Jian
Zin

Annotations:
D:7 1 runed door


Innate Abilities, Weirdness & Mutations

You are very small and have problems with some larger weapons.
You are too small for most types of armour.
You have supernaturally acute eyesight. (SInv)
You are a herbivore.
You cover ground extremely quickly.
You need to consume almost no food.


Message History

You shoot a stone. The hog squeals angrily.
The stone hits the hog!
The hog is moderately wounded.
You hear a shout!
You hear an angry squeal.
Unknown command.
Firing (i - inventory)
B - 181 stones (quivered)
Press: ? - help, Shift-Dir - straight line, f/p - hog
Aim: a hog (lightly wounded)
You shoot a stone. The stone closely misses the hog.
Firing (i - inventory)
B - 180 stones (quivered)
Press: ? - help, Shift-Dir - straight line, f/p - hog
Aim: a hog (lightly wounded)
You shoot a stone. The stone hits the hog!
The hog is heavily wounded.
The hog barely misses you.
Firing (i - inventory)
B - 179 stones (quivered)
Press: ? - help, Shift-Dir - straight line, f/p - hog
Aim: a hog (heavily wounded)
You shoot a stone. The stone closely misses the hog.
Firing (i - inventory)
B - 178 stones (quivered)
Press: ? - help, Shift-Dir - straight line, f/p - hog
Aim: a hog (moderately wounded)
You shoot a stone. The stone hits the hog.
The hog is heavily wounded.
You see here 21 arrows.
You see here 28 arrows.
Firing (i - inventory)
B - 177 stones (quivered)
Press: ? - help, Shift-Dir - straight line, f/p - hog
Aim: a hog (heavily wounded)
You shoot a stone. The stone hits the hog!
The hog is severely wounded.
There is an opulent altar of Gozag here.
Firing (i - inventory)
B - 176 stones (quivered)
Press: ? - help, Shift-Dir - straight line, f/p - hog
Aim: a hog (severely wounded)
You shoot a stone. The stone closely misses the hog.
Firing (i - inventory)
B - 175 stones (quivered)
Press: ? - help, Shift-Dir - straight line, f/p - hog
Aim: a hog (severely wounded)
You shoot a stone. The stone hits the hog.
The hog is severely wounded.
The hog closely misses you.
Firing (i - inventory)
B - 174 stones (quivered)
Press: ? - help, Shift-Dir - straight line, f/p - hog
Aim: a hog (severely wounded)
You shoot a stone. The stone closely misses the hog.
The hog bites you!
Firing (i - inventory)
B - 173 stones (quivered)
Press: ? - help, Shift-Dir - straight line, f/p - hog
Aim: a hog (severely wounded)
You shoot a stone. The stone barely misses the hog.
The hog bites you!
* * * LOW HITPOINT WARNING * * *
The hog bites you.
* * * LOW HITPOINT WARNING * * *
Firing (i - inventory)
B - 172 stones (quivered)
Press: ? - help, Shift-Dir - straight line, f/p - hog
Aim: a hog (severely wounded)
You shoot a stone. The stone hits the hog!
The hog is almost dead.
The hog bites you!
* * * LOW HITPOINT WARNING * * *
The hog bites you.
You die...
Your body crumbles into a pile of gold.

#...###......#.# ##.##
#.#.# #._......# ##.#.
##.#.###..#####.####...#
#......#..# #.#....#.#
#..#.#....# #...##...#
#..#.#....# #.#.###.#.
#..#....(.#####...###...
#..###..........#..##.##
#.[# ##@.#.#####....).#
#..# #.h.(.(.........##
#.)# #.##...####.._..(.
#..# #.####.# #.....##
#..# #)# #.# #.....#
#..# #.####.####.#####
#..# #.##........# #..#
#...........# #..#
####.#.####.#


You could see a hog.

Vanquished Creatures
  2 hogs
  An ice beast (D:5)
  4 ogres
  A sky beast (D:5)
  A phantom (D:4)
  4 bullfrogs
  4 scorpions
  An electric eel (D:6)
  A crimson imp (D:7)
  4 hounds
  2 orc priests
  3 orc wizards
  A bullfrog skeleton (D:6)
  2 iguanas
  4 worker ants
  A worker ant zombie (D:7)
  3 gnolls (D:2)
  A howler monkey skeleton (D:6)
  7 adders
  3 oozes
  An adder skeleton (D:4)
  2 worms
  4 dart slugs
  2 leopard geckos
  17 orcs
  3 ball pythons (D:2)
  9 bats
  6 giant cockroaches
  4 hobgoblins
  6 jackals
  3 quokkas
  A ball python zombie (D:5)
  A frilled lizard (D:3)
  5 goblins
  A jackal skeleton (D:6)
  10 kobolds
  A quokka skeleton (D:6)
  15 rats
141 creatures vanquished.

Vanquished Creatures (others)
  An adder (D:6)
1 creature vanquished.

Grand Total: 142 creatures vanquished

Notes
Turn   | Place    | Note
-------+----------+-------------------------------------------
     0 | D:1      | Amnesiac the Spriggan Wanderer began the quest for the Orb.
     0 | D:1      | Amnesiac set off with: a +2 spear, a wand of random effects (15), a +0 robe, a +0 dagger, a ration
     0 | D:1      | Reached XP level 1. HP: 10/10 MP: 3/3
    69 | D:2      | Found a faded altar of an unknown god.
    76 | D:2      | Reached skill level 2 in Evocations
   284 | D:2      | Reached skill level 3 in Evocations
   284 | D:2      | Reached XP level 2. HP: 7/14 MP: 3/5
   776 | D:3      | Found a hide-covered altar of Uskayaw.
   817 | D:3      | Found a blossoming altar of Fedhas.
   828 | D:3      | Reached skill level 4 in Evocations
   900 | D:3      | Reached XP level 3. HP: 18/18 MP: 7/7
  1351 | D:3      | Noticed an ogre
  1380 | D:3      | Killed an ogre
  1380 | D:3      | Reached skill level 6 in Evocations
  1380 | D:3      | Reached XP level 4. HP: 8/22 MP: 7/9
  1591 | D:4      | Noticed an ogre
  1592 | D:4      | Reached XP level 5. HP: 24/25 MP: 10/10
  1634 | D:4      | Killed an ogre
  1634 | D:4      | Reached skill level 7 in Evocations
  1645 | D:4      | Reached skill level 8 in Evocations
  1645 | D:4      | Reached XP level 6. HP: 30/30 MP: 11/13
  2190 | D:4      | Reached skill level 9 in Evocations
  2300 | D:4      | Found a glowing silver altar of Zin.
  2587 | D:4      | Reached XP level 7. HP: 21/33 MP: 15/15
  3013 | D:3      | Reached skill level 10 in Evocations
  3631 | D:5      | Entered Level 5 of the Dungeon
  3631 | D:5      | Found a shattered altar of Ashenzari.
  3633 | D:5      | Found an opulent altar of Gozag.
  3635 | D:5      | Found a sacrificial altar of Ru.
  3637 | D:5      | Found a bloodstained altar of Trog.
  3639 | D:5      | Found an ornate altar of the Wu Jian Council.
  3640 | D:5      | Became a worshipper of Gozag Ym Sagoz the Greedy
  3668 | D:5      | Found Yjoodad's Gadget Shop.
  4298 | D:2      | Found a hazy altar of Hepliaklqana.
  5144 | D:1      | Reached skill level 11 in Evocations
  6776 | D:5      | Found an iron altar of Okawaru.
  6820 | D:5      | Found a white marble altar of Elyvilon.
  7085 | D:6      | Reached XP level 8. HP: 23/37 MP: 17/17
  7153 | D:6      | Found a staircase to the Ecumenical Temple.
  7199 | D:6      | Reached skill level 12 in Evocations
  7312 | D:6      | Found a sparkling altar of Nemelex Xobeh.
  7843 | D:7      | Found an opulent altar of Gozag.
  8536 | D:7      | Found an iron altar of Okawaru.
  8860 | D:7      | Reached skill level 13 in Evocations
 10556 | D:7      | Reached skill level 14 in Evocations
 11539 | D:7      | Found a runed door.
 11658 | D:7      | Reached XP level 9. HP: 9/41 MP: 19/21
 11979 | D:7      | Slain by a hog

Vault maps used:
D:1:      dpeg_arrival_another_circle, serial_curves, eino_curves_03,
          eino_curves_03, eino_curves_01
D:2:      lemuel_doored_altar, chequers_ecumenical_altar_twisty
D:3:      eat_drink_and_be_merry_uskayaw, fedhas_altar_2
D:4:      marbit_many_paths, corexii_hall_statues_i
D:5:      nicolae_overflow_hidden_temple, chequers_temple_overflow_minitemple,
          first_ration, basic_altar, serial_shops, shop, elyvilon_altar_5
D:6:      minmay_temple_entry_mist, nicolae_water_bricks,
          nemelex_xobeh_ov_fountains_minmay
D:7:      overflow_temple_1_default, basic_altar, grunt_livestock,
          uniq_crazy_yiuf_cottage

Skill      XL: |  1  2  3  4  5  6  7  8 |
---------------+-------------------------+-----
Evocations     | 3 4 6 8 9 11 14 | 14.6
Fighting       | |  1.5
Stealth        | |  3.0
Charms         | |  3.0
Transmutations | |  4.0

Action                   |  1- 3 |  4- 6 |  7- 9 || total
-------------------------+-------+-------+-------++-------
Melee: Spear             |    48 |    97 |   218 ||   363
       Dagger            |       |     1 |    47 ||    48
 Fire: Hunting sling     |    52 |    37 |    96 ||   185
       Fustibalus        |       |       |   276 ||   276
 Abil: Evoke Berserk Rag |       |       |     6 ||     6
Evoke: Wand              |       |     5 |    10 ||    15
  Use: Potion            |       |     4 |       ||     4
       Scroll            |       |       |    16 ||    16
 Stab: Sleeping          |     4 |     2 |    11 ||    17
       Confused          |       |     1 |       ||     1
       Distracted        |       |       |     2 ||     2
  Eat: Ration            |       |       |    10 ||    10
Armor: Robe              |    10 |     6 |    48 ||    64
Dodge: Dodged            |    55 |    40 |   366 ||   461

Table legend:
 A = Spawn XP
 B = Non-spawn XP
 C = Spawn XP percentage of total XP
 D = Spawn monster count
 E = Non-spawn monster count
 F = Spawn count percentage of total count
 G = Total turns spent on level
                    A         B        C        D         E        F      G
               +---------+---------+-------+---------+---------+-------+---------
         Total |       0 |    2957 |   0.0 |       0 |     142 |   0.0 | 11979
               +---------+---------+-------+---------+---------+-------+---------
           D:1 |       0 |      39 |   0.0 |       0 |      16 |   0.0 |   886
           D:2 |       0 |     102 |   0.0 |       0 |      29 |   0.0 |  1511
           D:3 |       0 |     311 |   0.0 |       0 |      30 |   0.0 |  2114
           D:4 |       0 |     733 |   0.0 |       0 |      26 |   0.0 |  1738
           D:5 |       0 |     363 |   0.0 |       0 |       6 |   0.0 |  1092
           D:6 |       0 |     627 |   0.0 |       0 |      18 |   0.0 |  2149
           D:7 |       0 |     782 |   0.0 |       0 |      17 |   0.0 |  2489
               +---------+---------+-------+---------+---------+-------+---------
